 Dungeon Crawl Stone Soup version 0.29.0-11-gd7f09526c8 (webtiles) character file.

Game seed: 13646169776609749300

5 Arum the Conjurer (level 1, -2/14 HPs)
             Began as a Draconian Conjurer on Sept 2, 2022.
             Frozen to death by an endoplasm (5 damage)
             ... on level 1 of the Dungeon.
             The game lasted 00:00:19 (172 turns).

Arum the Conjurer (Draconian Conjurer)               Turns: 172, Time: 00:00:20

Health: -2/14      AC:  4    Str:  9    XL:     1   Next: 66%
Magic:  0/3        EV: 12    Int: 18    God:
Gold:   25         SH:  0    Dex:  9    Spells: 3/4 levels left

rFire   + . .      SeeInvis .   (no weapon)
rCold   . . .      Faith    .   (no shield)
rNeg    . . .      Spirit   .   (body armour unavailable)
rPois   .          Reflect  .   (helmet restricted)
rElec   .          Harm     .   (no cloak)
rCorr   .          Rampage  .   (no gloves)
Will    .....                   (no boots)
Stlth   ++........              (no amulet)
HPRegen 0.04/turn               b - ring of protection from fire
MPRegen 0.08/turn               (no ring)

@: slowed, very slow
A: AC +4, unfitting armour, cold-blooded
a: no special abilities


You were on level 1 of the Dungeon.
You visited 1 branch of the dungeon, and saw 1 of its levels.

You collected 25 gold pieces.

Inventory:

Jewellery
 b - a ring of protection from fire (left hand)
Scrolls
 c - a scroll of identify {unknown}
Potions
 a - a potion of magic


   Skills:
 - Level 1.7 Dodging
 - Level 1.7 Stealth
 + Level 2.2 Spellcasting
 + Level 4.1 Conjurations


You had 3 spell levels left.
You knew the following spells:

 Your Spells              Type           Power      Damage    Failure   Level
a - Magic Dart            Conj           64%        1d6       3%          1

Your spell library contained the following spells:

 Spells                   Type           Power      Damage    Failure   Level
 Searing Ray              Conj           32%        2d5       4%          2
 Dazzling Flash           Conj/Hex       18%        N/A       22%         3
 Fulminant Prism          Conj/Hex       4%         3d6       58%         4
 Iskenderun's Mystic Bla  Conj/Tloc      9%         2d4       58%         4


Dungeon Overview and Level Annotations

Branches:
Dungeon (1/15)

Altars:


Innate Abilities, Weirdness & Mutations

Your plain brown scales are hard. (AC +4)
You cannot fit into any form of body armour.
You are cold-blooded and may be slowed by cold attacks.


Message History

Found 2 poisoned darts.
You see here a +0 dagger.
Things that are here:
a +0 short sword; a kobold corpse
c - a scroll labelled YCHAEBETHRU You now have 25 gold pieces (gained 9).
A goblin comes into view. It is wielding a +0 club.
A goblin is nearby!
You miscast Magic Dart.
You are very lightly contaminated with residual magic.
Nothing appears to happen.
The magic dart hits the goblin.
The goblin is severely wounded.
The goblin shouts!
You hear an angry hiss.
The magic dart hits the goblin.
You kill the goblin!
An endoplasm comes into view.
You are out of magic!
An endoplasm is nearby!
You are out of magic!
You are out of magic!
You are out of magic!
Your magical contamination has completely faded away.
The endoplasm attacks as you move away! The endoplasm hits you.
The endoplasm attacks as you move away! The endoplasm hits you.
The magic dart hits the endoplasm.
The endoplasm is severely wounded.
The endoplasm closely misses you.
You hit the endoplasm but do no damage.
The endoplasm is severely wounded.
The endoplasm freezes you.
You are frozen.
You feel yourself slow down.
You completely miss the endoplasm.
The endoplasm is heavily wounded.
The endoplasm freezes you.
You are frozen.
* * * LOW HITPOINT WARNING * * *
The endoplasm freezes you.
You are frozen.
You die...

#.....# #.....#
#.....# ###.....#
##.).#.###
#..###.#
######)## #.#
#.......# #.#
#....@..# #.#
#####..>.J..# #.#
.....(......###.#
#####.......##..#
###.......#..##
#....######.##
#...## #..#
#..#######.#####
#...##
#.........####


You could see an endoplasm.

Vanquished Creatures
  A ball python (D:1)
  2 goblins (D:1)
  A kobold (D:1)
  A rat (D:1)
5 creatures vanquished.

Notes
Turn   | Place    | Note
-------+----------+-------------------------------------------
     0 | D:1      | Arum the Draconian Conjurer began the quest for the Orb.
     0 | D:1      | Reached XP level 1. HP: 14/14 MP: 3/3
   172 | D:1      | Frozen to death by an endoplasm

Illustrated notes

Levels and vault maps discovered:
D:1:      dpeg_arrival_yet_another_circle, layout_rooms,
          hellmonk_ecumenical_altar_watching_god

Action                   || total
-------------------------++-------
Melee: Unarmed           ||     2
 Cast: Magic Dart        ||     9
Dodge: Dodged            ||     1
